 Dungeon Crawl Stone Soup version 0.25.0-11-g1f837a76a1 (webtiles) character file.

Game seed: 2848995081796849590

38064 grindst0ne the Grappler (level 13, -6/130 HPs)
             Began as a Troll Assassin on June 25, 2020.
             Was the Champion of Cheibriados.
             Mangled by a death yak (23 damage)
             ... on level 6 of the Lair of Beasts.
             The game lasted 00:35:44 (16522 turns).

grindst0ne the Grappler (Troll Assassin)           Turns: 16522, Time: 00:35:45

Health: -6/130     AC: 12    Str: 40    XL:     13   Next: 61%
Magic:  16/19      EV: 14    Int: 31    God:    Cheibriados [******]
Gold:   1723       SH:  5    Dex: 26    Spells: 3/12 levels left

rFire    . . .     SeeInvis .     - Unarmed
rCold    + . .     Gourm    +   (no shield)
rNeg     . . .     Faith    .   F - +0 steam dragon scales
rPois    .         Spirit   .   (helmet restricted)
rElec    .         Reflect  +   a - +2 cloak
rCorr    .         Harm     .   (gloves unavailable)
MR       .....     Clarity  +   (boots unavailable)
Stlth    +++.......             B - amulet of reflection
HPRegen  0.71/turn              R - ring of protection from cold
MPRegen  0.16/turn              x - +6 ring of intelligence

@: very slow
A: large, unfitting armour, claws 3, horns 1, clarity, fast metabolism 3,
gourmand, regeneration 1, shaggy fur 1, strong 1, tough skin 3, wild magic 1
a: Bend Time, Temporal Distortion, Slouch, Step From Time, Renounce Religion


You were on level 6 of the Lair of Beasts.
You worshipped Cheibriados.
Cheibriados was exalted by your worship.
You were very full.

You visited 3 branches of the dungeon, and saw 19 of its levels.
You also visited: Ice Cave.

You collected 1753 gold pieces.
You spent 30 gold pieces at shops.

Inventory:

Missiles
 d - 37 poisoned darts
 e - 6 curare-tipped darts
 D - 16 boomerangs (quivered)
 J - 5 atropa-tipped darts
Armour
 a - a +2 cloak (worn)
 b - a +0 kite shield
 F - +0 steam dragon scales (worn)
 M - a scarf of repulsion
 N - a +0 animal skin of cold resistance
Jewellery
 n - an uncursed ring of flight
 x - a +6 ring of intelligence (right claw)
 B - an amulet of reflection (around neck)
 G - an uncursed ring of ice
 K - an uncursed ring of magical power
 R - a ring of protection from cold (left claw)
Wands
 k - a wand of polymorph (5)
 m - a wand of flame (39)
 s - a wand of paralysis (11)
 z - a wand of clouds (6)
 E - a wand of enslavement (4)
 O - a wand of acid (5)
Scrolls
 c - a scroll of holy word
 g - 2 scrolls of magic mapping
 h - 3 scrolls of immolation
 i - 4 scrolls of enchant armour
 j - 5 scrolls of teleportation
 o - 5 scrolls of fear
 q - a scroll of fog
 v - 8 scrolls of remove curse
 y - a scroll of torment
 A - 2 scrolls of blinking
 H - 5 scrolls of identify
 I - 2 scrolls of amnesia
Potions
 l - 2 potions of mutation
 r - 4 potions of brilliance
 t - 4 potions of stabbing
 u - a potion of ambrosia
 w - a potion of resistance {unknown}
 C - 2 potions of curing
 L - a potion of lignification
 P - a potion of might
 Q - 2 potions of flight
Comestibles
 f - 38 rations
 p - 10 chunks of flesh


   Skills:
 + Level 8.8 Fighting
   Level 1.5 Short Blades
 - Level 1.7 Throwing
 + Level 5.2 Dodging
 - Level 2.1 Stealth
 * Level 7.3 Shields
 * Level 13.8 Unarmed Combat
 + Level 3.7 Translocations
 - Level 3.0 Transmutations
 * Level 9.5 Invocations


You had 3 spell levels left.
You knew the following spells:

 Your Spells              Type           Power        Failure   Level  Hunger
a - Blink                 Tloc           N/A          5%          2    ###....
b - Sticks to Snakes      Tmut           ###.....     7%          2    ###....
c - Aura of Abjuration    Summ           #.........   96%         5    ######.

Your spell library contained the following spells:

 Spells                   Type           Power        Failure   Level  Hunger
 Beastly Appendage        Tmut           ###...       4%          1    ##.....
 Magic Dart               Conj           #...         13%         1    ##.....
 Shock                    Conj/Air       #...         13%         1    ##.....
 Recall                   Summ/Tloc      N/A          19%         3    ####...
 Call Imp                 Summ           #.......     21%         2    ###....
 Poisonous Vapours        Pois/Air       #.....       21%         2    ###....
 Slow                     Hex            #.......     21%         2    ###....
 Swiftness                Chrm/Air       #.......     21%         2    ###....
 Spider Form              Tmut/Pois      ##........   21%         3    ####...
 Conjure Flame            Conj/Fire      #.......     34%         3    ####...
 Mephitic Cloud           Conj/Pois/Air  #.......     34%         3    ####...
 Static Discharge         Conj/Air       #.......     34%         3    ####...
 Ice Form                 Ice/Tmut       ##......     52%         4    #####..
 Blade Hands              Tmut           ###.......   67%         5    ######.
 Airstrike                Air            #.........   73%         4    #####..
 Summon Lightning Spire   Summ/Air       #.......     73%         4    #####..
 Summon Forest            Summ/Tloc      ##........   82%         5    ######.
 Lightning Bolt           Conj/Air       #.........   96%         5    ######.
 Silence                  Hex/Air        #.........   96%         5    ######.
 Summon Demon             Summ           #.........   96%         5    ######.
 Summon Mana Viper        Hex/Summ       #.......     96%         5    ######.
 Conjure Ball Lightning   Conj/Air       #.........   100%        6    #######
 Freezing Cloud           Conj/Ice/Air   #.........   100%        6    #######
 Shadow Creatures         Summ           N/A          100%        6    #######
 Ring of Flames           Chrm/Fire      #.........   100%        7    #######
 Tornado                  Air            #.........   100%        9    #######


Dungeon Overview and Level Annotations

Branches:
Dungeon (12/15)            Temple (1/1) D:4            Lair (6/6) D:8
 Shoals (0/4) Lair:4        Snake (0/4) Lair:4        Slime (0/5) Lair:6
    Orc (0/2) D:10          IceCv (visited)

Altars:
Ashenzari
Cheibriados
Dithmenos
Elyvilon
Fedhas
Gozag
Hepliaklqana
Kikubaaqudgha
Makhleb
Nemelex Xobeh
Okawaru
Qazlal
Ru
Sif Muna
Trog
Uskayaw
Vehumet
Wu Jian
Xom
Yredelemnul
Zin
The Shining One

Shops:
D:6 ?

Annotations:
D:8 Pikel
D:10 2 transporters, Fiofatio's ghost, novice DsFi
D:12 Nessos
Lair:6 1 runed translucent door, exclusion: oklob plant, UristMcRaven's ghost, journeyman DECj


Innate Abilities, Weirdness & Mutations

You are too large for most types of armour.
You have claws for hands.
Your metabolism is lightning-fast.
You like to eat raw meat.
Your natural rate of healing is unusually fast.
You are covered in fur. (AC +1)
You have extremely tough skin. (AC +3)
You have a pair of small horns on your head.
You possess an exceptional clarity of mind.
Your muscles are strong. (Str +2)
Your spells are a little harder to cast, but a little more powerful.


Message History

You feel better.
The death yak is engulfed in noxious fumes.
The death yak gores you!
* * * LOW HITPOINT WARNING * * *
You scratch the death yak.
You headbutt the death yak, but do no damage.
The death yak is lightly wounded.
The death yak is engulfed in noxious fumes.
The death yak gores you!
* * * LOW HITPOINT WARNING * * *
You feel better.
The death yak is engulfed in noxious fumes.
The death yak gores you!!
* * * LOW HITPOINT WARNING * * *
The flow of time bends around you.
Cheibriados rebukes the death yak.
The death yak seems to slow down.
You feel slightly less full.
The death yak is engulfed in noxious fumes.
The death yak gores you!!
You die...

## ###. ########P..##
###..§§§○...♣.#
##...☼Y§##.....# ###
##....@○##.÷...# ##.######
#P....###...Y#.##
..#.....###...###......#..##
........##....#
.÷.....##..##
.......##..÷.## 8..#...
#YY.# .......#.....# .. ##..
#YP.# .......#.....# . #..
#...# ......<#.....# #..
#.Y.# .......#....## #Y.##


You could see a death yak (slow).

Vanquished Creatures
  A frost giant (IceCv)
  A hydra (D:11)
  A catoblepas (Lair:6)
  A two-headed ogre (D:11)
  A death yak (Lair:6)
  An unseen horror (D:10)
  A wizard (D:10)
  An ugly thing (D:11)
  A manticore (D:11)
  9 elephants (Lair:6)
  5 black mambas
  An ice statue (IceCv)
  Maurice (D:8)
  8 spiny frogs
  7 komodo dragons
  11 polar bears
  A hornet (D:11)
  8 hippogriffs
  3 blink frogs (Lair:1)
  A spriggan (D:10)
  Sigmund (D:4)
  A wraith (D:10)
  2 wyverns
  43 yaks
  3 basilisks
  A steam dragon (D:9)
  Menkaure (D:4)
  A hungry ghost (D:11)
  A warg (D:10)
  A soldier ant (D:12)
  14 porcupines
  A sky beast (D:10)
  5 black bears
  5 orc warriors
  3 water moccasins
  5 ice beasts
  6 ogres
  A phantom (D:5)
  25 wolves
  8 centaurs
  9 crocodiles
  2 big kobolds (D:11)
  15 bullfrogs
  2 wyvern skeletons
  7 scorpions
  6 killer bees (D:11)
  3 wights (D:9)
  2 howler monkeys
  5 electric eels
  7 crimson imps
  7 jellies
  8 hounds
  3 bullfrog skeletons
  8 orc priests
  4 iguanas
  2 worker ants
  11 orc wizards
  Terence (D:3)
  2 hell rats (D:8)
  A killer bee zombie (D:6)
  A hound skeleton (D:11)
  A worker ant zombie (D:10)
  13 adders
  3 gnolls (D:2)
  A shadow imp (D:11)
  4 oozes (Lair:6)
  2 adder skeletons
  3 worms
  3 dart slugs
  15 leopard geckos
  39 orcs
  5 bats
  8 giant cockroaches
  6 hobgoblins
  A jackal (D:3)
  15 kobolds
  5 quokkas
  2 ball pythons
  14 frilled lizards
  4 goblins
  A leopard gecko skeleton (D:4)
  A quokka zombie (D:6)
  7 rats
  A plant (Lair:6)
452 creatures vanquished.

Vanquished Creatures (others)
  A rime drake (IceCv)
  3 polar bears (IceCv)
  5 yaks
  5 wolves (IceCv)
  4 fungi
18 creatures vanquished.

Grand Total: 470 creatures vanquished

Notes
Turn   | Place    | Note
-------+----------+-------------------------------------------
     0 | D:1      | grindst0ne the Troll Assassin began the quest for the Orb.
     0 | D:1      | Reached XP level 1. HP: 19/19 MP: 0/0
   130 | D:1      | Reached skill level 1 in Unarmed Combat
   222 | D:1      | Reached XP level 2. HP: 28/28 MP: 1/1
   846 | D:2      | Reached skill level 2 in Unarmed Combat
   985 | D:2      | Reached XP level 3. HP: 35/35 MP: 2/2
  1227 | D:2      | Reached XP level 4. HP: 44/44 MP: 3/3
  1259 | D:2      | Reached skill level 3 in Unarmed Combat
  2150 | D:3      | Noticed Terence
  2184 | D:3      | Killed Terence
  2184 | D:3      | Reached XP level 5. HP: 49/52 MP: 4/4
  2240 | D:3      | Reached skill level 4 in Unarmed Combat
  2437 | D:3      | Found an ancient bone altar of Kikubaaqudgha.
  2437 | D:3      | Found a blossoming altar of Fedhas.
  2734 | D:4      | Found a staircase to the Ecumenical Temple.
  2763 | Temple   | Entered the Ecumenical Temple
  2889 | Temple   | Became a worshipper of Cheibriados the Contemplative
  3052 | D:4      | Reached XP level 6. HP: 47/61 MP: 5/5
  3223 | D:4      | Noticed Menkaure
  3225 | D:4      | Noticed Sigmund
  3251 | D:4      | Killed Menkaure
  3251 | D:4      | Reached skill level 5 in Unarmed Combat
  3288 | D:4      | Killed Sigmund
  3288 | D:4      | Reached skill level 6 in Unarmed Combat
  3288 | D:4      | Reached XP level 7. HP: 68/68 MP: 6/6
  3399 | D:4      | Reached * piety under Cheibriados
  3554 | D:5      | Entered Level 5 of the Dungeon
  3701 | D:5      | Reached skill level 7 in Unarmed Combat
  3711 | D:5      | Reached XP level 8. HP: 43/79 MP: 7/7
  3935 | D:5      | Reached ** piety under Cheibriados
  3935 | D:5      | Reached skill level 5 in Fighting
  3935 | D:5      | Reached skill level 8 in Unarmed Combat
  4269 | D:6      | Found Duahumm's Magic Scroll Boutique.
  4279 | D:6      | Bought 3 scrolls of noise for 30 gold pieces
  4492 | D:6      | Reached skill level 9 in Unarmed Combat
  4556 | D:6      | Reached XP level 9. HP: 82/89 MP: 8/8
  5160 | D:7      | Reached skill level 10 in Unarmed Combat
  5167 | D:7      | Reached skill level 1 in Invocations
  5173 | D:7      | Reached *** piety under Cheibriados
  5276 | D:7      | You fall into a shaft and drop 2 floors!
  5563 | D:8      | Noticed a death yak
  5566 | D:8      | Noticed Pikel
  5770 | D:7      | Reached **** piety under Cheibriados
  6100 | D:8      | Noticed Maurice
  6276 | D:9      | Found a white marble altar of Elyvilon.
  6276 | D:9      | Found an iron altar of Okawaru.
  6277 | D:9      | Found a shattered altar of Ashenzari.
  6383 | D:9      | Reached XP level 10. HP: 100/100 MP: 10/12
  6577 | D:9      | Reached skill level 11 in Unarmed Combat
  7233 | D:10     | Entered Level 10 of the Dungeon
  7382 | D:8      | Killed Maurice
  7382 | D:8      | Reached skill level 1 in Dodging
  7469 | D:10     | Reached skill level 5 in Invocations
  7480 | D:10     | Found a transporter.
  7485 | D:10     | Noticed Fiofatio's ghost (novice DsFi)
  7533 | D:10     | Killed an unseen horror
  7533 | D:10     | Reached skill level 1 in Shields
  7765 | D:10     | Found a staircase to the Orcish Mines.
  8310 | D:10     | Found a transporter.
  8456 | D:10     | Noticed a wizard
  8467 | D:10     | Killed a wizard
  8946 | D:11     | Noticed a five-headed hydra
  8946 | D:11     | Noticed a manticore
  8952 | D:11     | Killed a manticore
  8952 | D:11     | Reached XP level 11. HP: 108/109 MP: 14/14
  8960 | D:11     | Killed an eight-headed hydra
  9118 | D:11     | Reached skill level 12 in Unarmed Combat
  9286 | D:11     | Noticed a two-headed ogre
  9295 | D:11     | Killed a two-headed ogre
  9324 | D:11     | Noticed a white ugly thing
  9331 | D:11     | Killed a white ugly thing
  9331 | D:11     | Reached ***** piety under Cheibriados
  9521 | D:11     | Learned a level 2 spell: Blink
  9524 | D:11     | Learned a level 2 spell: Sticks to Snakes
  9929 | D:12     | Noticed Nessos
 10085 | D:8      | Noticed a death yak
 10102 | D:8      | Noticed a death yak
 10125 | D:8      | Found a staircase to the Lair.
 10140 | Lair:1   | Entered Level 1 of the Lair of Beasts
 10191 | Lair:1   | Found a frozen archway.
 10261 | IceCv    | Entered an ice cave
 10317 | IceCv    | HP: 4/109 [polar bear (11)]
 10318 | IceCv    | HP: 1/109 [yak (4)]
 10438 | IceCv    | Reached skill level 1 in Translocations
 10438 | IceCv    | Reached skill level 1 in Transmutations
 10966 | IceCv    | Noticed a frost giant
 10968 | IceCv    | Gained mutation: Your spells are a little harder to cast,
                  | but a little more powerful. [potion of mutation]
 10968 | IceCv    | Gained mutation: You possess an exceptional clarity of
                  | mind. [potion of mutation]
 10968 | IceCv    | Gained mutation: You have a pair of small horns on your
                  | head. [potion of mutation]
 10968 | IceCv    | Gained mutation: Your muscles are strong. (Str +2) [potion
                  | of mutation]
 10976 | IceCv    | Reached XP level 12. HP: 82/119 MP: 16/16
 10977 | IceCv    | Reached skill level 5 in Shields
 10981 | IceCv    | Killed a frost giant
 12353 | Lair:2   | Reached skill level 13 in Unarmed Combat
 12787 | Lair:3   | Identified the Reference Book on Weightlessness
 13144 | Lair:3   | Learned a level 5 spell: Aura of Abjuration
 13267 | Lair:3   | Identified a scroll of acquirement
 14081 | Lair:4   | Reached XP level 13. HP: 79/128 MP: 18/18
 14084 | Lair:4   | Reached ****** piety under Cheibriados
 14216 | Lair:4   | Found a staircase to the Snake Pit.
 14298 | Lair:4   | Found a staircase to the Shoals.
 15312 | Lair:6   | Entered Level 6 of the Lair of Beasts
 15687 | Lair:6   | Found a staircase to the Slime Pits.
 16073 | Lair:6   | Reached skill level 5 in Dodging
 16260 | Lair:6   | Found a runed translucent door.
 16260 | Lair:6   | Noticed UristMcRaven's ghost (journeyman DECj)
 16522 | Lair:6   | Mangled by a death yak

Illustrated notes

Levels and vault maps discovered:
D:1:      evilmike_arrival_plus, layout_basic
D:2:      layout_basic
D:3:      minmay_wonky_spiral, layout_basic,
          grunt_temple_overflow_growth_and_decay, uniq_terence
D:4:      layout_basic, minmay_temple_entry_stoned_glass, minmay_lizard_king,
          uniq_sigmund, uniq_menkaure
D:5:      layout_cave_pools, first_ration, minmay_misc_feat_more_columns
D:6:      layout_loops_ring, serial_shops,
          nicolae_shop_temple_entry_statues_fountains
D:7:      layout_basic
D:8:      layout_cave_pools, dpeg_lair_monsters, uniq_maurice, uniq_pikel
D:9:      layout_layer_cave, chequers_temple_overflow_statue_of_worship
D:10:     layout_layer_cave, david_orc_3, gammafunk_ghost_mausoleum, the_bakery,
          lightli_wizard_tower
D:11:     layout_long_grid
D:12:     layout_roguey, uniq_nessos, uniq_urug, uniq_rupert
Temple:   minmay_crystal_spiral_temple
Lair:1:   layout_concentric_octagons, portal_ice_cave_entry_pillars_1
Lair:2:   layout_roguey, serial_bayou_shore_b, serial_bayou_shore_b
Lair:3:   layout_cave_pods, gammafunk_lair_bear_cave
Lair:4:   layout_misc_corridors, minmay_shoals_entry_centaurs, dummy_snake_entry
Lair:5:   layout_gridlike, disabler_island
Lair:6:   grunt_lair_end_beastmaster, layout_regular_city,
          nicolae_slime_entry_slimehenge, gammafunk_ghost_grave,
          minmay_lair_oklob_bushes

Skill      XL: |  1  2  3  4  5  6  7  8  9 10 11 12 13 |
---------------+----------------------------------------+-----
Unarmed Combat | 1 2 3 4 6 7 9 10 11 12 13 | 13.8
Fighting       | 2 3 4 5 6 7 8 |  8.8
Invocations    | 4 6 7 8 9 |  9.5
Dodging        | 2 3 4 5 |  5.2
Shields        | 3 4 6 7 |  7.3
Translocations | 1 3 |  3.7
Transmutations | 1 2 3 |  3.0
Short Blades   | |  1.5
Throwing       | |  1.7
Stealth        | |  2.1

Action                   |  1- 3 |  4- 6 |  7- 9 | 10-12 | 13-15 || total
-------------------------+-------+-------+-------+-------+-------++-------
Melee: Dagger            |   112 |   272 |       |       |       ||   384
       Punch             |     2 |     5 |    16 |    45 |    19 ||    87
       Unarmed           |       |     4 |   250 |   490 |   153 ||   897
       Headbutt          |       |       |       |    55 |    56 ||   111
Throw: Boomerang         |       |       |       |    25 |       ||    25
       Dart              |       |       |       |     4 |       ||     4
Invok: Slouch            |       |       |       |     5 |     3 ||     8
       Bend Time         |       |       |       |       |     2 ||     2
       Temporal Distorti |       |       |       |       |     1 ||     1
Evoke: Wand              |       |       |       |    21 |     9 ||    30
  Use: Potion            |       |     2 |       |    10 |     4 ||    16
       Scroll            |       |       |    13 |     8 |     5 ||    26
 Stab: Sleeping          |     2 |     5 |     6 |    12 |     6 ||    31
       Confused          |       |       |       |     3 |       ||     3
       Paralysed         |       |       |       |     3 |       ||     3
       Petrified         |       |       |       |       |     2 ||     2
       Distracted        |       |       |       |       |     1 ||     1
  Eat: Chunk             |    17 |    19 |    19 |    51 |    21 ||   127
Armor: Robe              |    43 |    93 |    87 |     4 |       ||   227
       Skin              |       |    10 |       |       |       ||    10
       Steam dragon scal |       |       |       |   209 |    62 ||   271
Dodge: Dodged            |    45 |   120 |   126 |   289 |    82 ||   662
Block: Other             |       |       |    32 |   128 |    45 ||   205
       Reflection        |       |       |     3 |     1 |     2 ||     6
